 Dungeon Crawl Stone Soup version 0.31-a0-83-gbff143cfd1 (webtiles) character file.

Game seed: 434458228860556637

2363 Dittersdorf the Trooper (level 9, -11/57 HPs)
             Began as a Gargoyle Fighter on May 24, 2023.
             Was a Follower of the Shining One.
             Mangled by an orc warrior
             ... wielding a +0 glaive
              (17 damage)
             ... on level 6 of the Dungeon.
             The game lasted 00:12:39 (6092 turns).

Dittersdorf the Trooper (Gargoyle Fighter)          Turns: 6092, Time: 00:12:40

Health: -11/57     AC: 20    Str: 24    XL:     9   Next: 44%
Magic:  9/9        EV:  8    Int:  9    God:    the Shining One [*.....]
Gold:   325        SH:  5    Dex:  9    Spells: 8/8 levels left

rFire   . . .        a - +1 flail
rCold   + . .        c - +0 buckler
rNeg    + + .        i - +1 chain mail {rC+}
rPois   ∞            (no helmet)
rElec   +            (no cloak)
rCorr   .            h - +0 pair of gloves
SInv    .            r - +0 pair of boots
Will    .....        (no amulet) Stlth
                     q - ring of positive energy
HPRegen 0.29/turn    (no ring)
MPRegen 0.11/turn

%: no passive effects
@: glowing, studying Dodging
A: sickness immunity, AC +6, negative energy resistance 1, electricity
resistance, torment resistance 1, petrification resistance
a: Renounce Religion, Divine Shield


You were on level 6 of the Dungeon.
You worshipped the Shining One.
The Shining One was aware of your devotion.
You visited 2 branches of the dungeon, and saw 7 of its levels.
You also visited: Sewer.

You collected 325 gold pieces.

Inventory:

Hand Weapons
 a - a +1 flail (weapon)
Missiles
 l - 3 curare-tipped darts (quivered)
Armour
 c - a +0 buckler (worn)
 h - a +0 pair of gloves (worn)
 i - a +1 chain mail of cold resistance (worn)
 r - a +0 pair of boots (worn)
Jewellery
 q - a ring of positive energy (left hand)
Wands
 b - a wand of mindburst (15)
Scrolls
 g - a scroll of magic mapping
Potions
 d - 2 potions of might
 e - 3 potions of curing {unknown}
 f - a potion of invisibility
 j - a potion of enlightenment {unknown}
 k - 3 potions of heal wounds {unknown}
 n - 3 potions of magic
 p - 2 potions of mutation


   Skills:
 + Level 7.6 Fighting
 + Level 6.4 Maces & Flails
 + Level 7.5 Armour
 + Level 7.5 Shields


You had 8 spell levels left.
You didn't know any spells.
Your spell library was empty.

Dungeon Overview and Level Annotations

Branches:
Dungeon (6/15)             Temple (1/1) D:5           Sewer (visited)

Altars:
Ashenzari
Cheibriados
Dithmenos
Elyvilon
Fedhas
Gozag
Hepliaklqana
Kikubaaqudgha
Makhleb
Nemelex Xobeh
Ru
Sif Muna
Trog
Vehumet
Xom
Yredelemnul
The Shining One


Innate Abilities, Weirdness & Mutations

You are immune to sickness and miasma.
Your stone body is resilient. (AC +6)
You are immune to poison.
You resist negative energy. (rN+)
You are resistant to electric shocks. (rElec)
You are resistant to unholy torment.
You are immune to petrification.


Message History

The adder attacks as you move away!
The adder bites you but does no damage. x2
You closely miss the adder. The adder misses you.
You hit the adder.
The adder is moderately wounded.
The sentinel's mark upon you fades away.
The adder closely misses you. The adder bites you but does no damage.
You sock the adder!
You kill the adder!
You sock the orc warrior!
You kill the orc warrior!
A howler monkey comes into view.
You and your allies can now gain power from killing the unholy and evil.
You can now call upon the Shining One for a divine shield.
The orc warrior hits you with a +0 glaive!
* * * LOW HITPOINT WARNING * * *
Things that are here:
a +0 battleaxe; a +0 chain mail; an orc corpse You hit the orc warrior but do no damage.
You block the orc warrior's attack.
You hit the orc warrior but do no damage.
The orc warrior barely misses you.
The orc priest looks satisfied for a moment.
The orc warrior barely misses you.
You hit the orc warrior but do no damage.
The orc warrior hits you but does no damage.
You hit the orc warrior but do no damage.
The orc warrior hits you with a +0 glaive.
* * * LOW HITPOINT WARNING * * *
You hit the orc warrior.
The orc warrior is lightly wounded.
The howler monkey hoots and howls with incredible vigour!
The orc warrior hits you but does no damage.
You sock the orc warrior!
The orc warrior is heavily wounded.
You block the orc warrior's attack.
The orc priest looks encouraged for a moment.
You hit the orc warrior but do no damage.
The orc warrior is heavily wounded.
The orc warrior hits you with a +0 glaive!
You die...

##...#######
...#........
##...#######
###.######
.........# #
.##.####.#######.#
#.# ##.#.).....#
#.#
#....)..###########
#.#
#..#.##ooo@........
#.#
#..#.#############.
..# #..#.# .#
#..#.# #..#.#
#..#.# #..#.#


You could see an orc warrior, an orc priest and an orc.

Vanquished Creatures
  Pikel (D:4)
  3 water moccasins
  An orc warrior (D:6)
  A sky beast (D:6)
  An ice beast (D:4)
  An ogre (D:6)
  A lemure (D:4)
  2 centaurs
  A gnoll sergeant (D:6)
  2 scorpions
  A howler monkey (D:4)
  4 crimson imps (D:3)
  2 gnoll boudas
  2 hounds (D:4)
  An orc priest (D:5)
  A jelly (D:4)
  An iron imp (D:3)
  4 iguanas (D:5)
  Terence (D:2)
  An orc wizard (D:5)
  9 gnolls
  14 adders
  A river rat (D:3)
  A shadow imp (D:5)
  2 white imps
  6 dart slugs
  17 orcs
  8 bats
  10 endoplasms
  8 giant cockroaches
  8 goblins
  12 hobgoblins
  16 jackals
  3 quokkas
  5 ball pythons
  A frilled lizard (D:1)
  13 kobolds
  5 rats
171 creatures vanquished.

Notes
Turn   | Place    | Note
-------+----------+-------------------------------------------
     0 | D:1      | Dittersdorf the Gargoyle Fighter began the quest for the
                  | Orb.
     0 | D:1      | Reached XP level 1. HP: 14/14 MP: 1/1
   252 | D:1      | Reached XP level 2. HP: 19/19 MP: 2/2
   680 | D:1      | Reached XP level 3. HP: 23/23 MP: 3/3
  1008 | D:2      | Reached XP level 4. HP: 29/29 MP: 4/4
  1187 | D:2      | Noticed Terence
  1308 | D:2      | Killed Terence
  1516 | D:2      | Reached XP level 5. HP: 31/33 MP: 5/5
  2109 | D:3      | Found a glowing drain.
  2146 | Sewer    | Entered a sewer
  2195 | Sewer    | Noticed a water moccasin
  2227 | Sewer    | Killed a water moccasin
  2228 | Sewer    | Reached XP level 6. HP: 33/39 MP: 6/6
  2392 | D:3      | Found a shimmering altar of Xom.
  2415 | D:3      | Found a broken altar of Ashenzari.
  2745 | D:3      | Found a snail-covered altar of Cheibriados.
  2769 | D:3      | Reached skill level 5 in Fighting
  2769 | D:3      | Reached skill level 5 in Armour
  2769 | D:3      | Reached skill level 5 in Shields
  2864 | D:3      | Reached XP level 7. HP: 44/44 MP: 7/7
  3794 | D:4      | Noticed Pikel
  3839 | D:4      | Killed Pikel
  3840 | D:4      | Reached skill level 5 in Maces & Flails
  3840 | D:4      | Reached XP level 8. HP: 42/51 MP: 8/8
  4181 | D:5      | Entered Level 5 of the Dungeon
  4575 | D:5      | Found a staircase to the Ecumenical Temple.
  4584 | Temple   | Entered the Ecumenical Temple
  4654 | Temple   | Became a worshipper of the Shining One
  5003 | D:5      | Found a sacrificial altar of Ru.
  5341 | D:6      | Reached XP level 9. HP: 56/56 MP: 9/9
  6084 | D:6      | Reached * piety under the Shining One
  6092 | D:6      | Mangled by an orc warrior

Illustrated notes

Levels and vault maps discovered:
D:1:      lemuel_arrival_hallway, layout_basic, chequers_serial_rivers_small_b,
          hex_large, minmay_tromino_mix6
D:2:      layout_basic, st_stairs_2, uniq_terence
D:3:      layout_loops_ring, evilmike_ruin_ashenzari, led_xom_imps,
          slow_altar_1, cheibrodos_sewer_entry_sluice
D:4:      layout_loops_ring, uniq_pikel
D:5:      layout_loops_ring, kennysheep_little_box, minmay_temple_entry_wispy
D:6:      layout_loops_ring, mainiacjoe_overflow_alcove_4, minmay_starry_boxes
Temple:   cyrus_circular_temple

Skill      XL: |  1  2  3  4  5  6  7  8  9 |
---------------+----------------------------+-----
Armour         | 4 5 6 7 |  7.5
Shields        | 4 5 6 7 |  7.5
Fighting       | 4 5 6 7 |  7.6
Maces & Flails | 3 4 5 6 |  6.4

Action                     |  1- 3 |  4- 6 |  7- 9 || total
---------------------------+-------+-------+-------++-------
  Melee: Flail             |    95 |   255 |   365 ||   715
         Unarmed           |       |     3 |       ||     3
  Throw: Dart              |       |     3 |     1 ||     4
    Use: Scroll            |       |    10 |     2 ||    12
   Stab: Sleeping          |       |     1 |       ||     1
 Armour: Scale mail        |    20 |       |       ||    20
         Chain mail        |    47 |   179 |   254 ||   480
  Dodge: Dodged            |    41 |   149 |   153 ||   343
  Block: Buckler           |    18 |    86 |   118 ||   222

Table legend: (Time is in decaauts)
 A = Elapsed time spent in this place.
 B = Non-inter-level travel time spent in this place.
 C = Inter-level travel time spent in this place.
 D = Time resting spent in this place.
 E = Time spent auto-exploring this place.
 F = Levels seen in this place.
 G = Mean time per level.
                   A        B        C        D        E       F      G
               +--------+--------+--------+--------+--------+-----+--------+
         Total |   6267 |   5891 |    376 |    396 |   3889 |   8 |  783.4 |
       Dungeon |   5992 |   5638 |    354 |    396 |   3734 |   6 |  998.7 |
        Temple |     77 |     55 |     22 |      0 |     42 |   1 |   77.0 |
         Sewer |    197 |    197 |      0 |      0 |    112 |   1 |  197.0 |
               +--------+--------+--------+--------+--------+-----+--------+

Top non-repeatable levels by time:
     D:5: 1387 daAuts
     D:3: 1112 daAuts
     D:2: 1105 daAuts
     D:1: 1027 daAuts
     D:4: 922 daAuts
     D:6: 437 daAuts
   Sewer: 197 daAuts
  Temple: 77 daAuts
